 Dungeon Crawl Stone Soup version 0.26.1-11-gd32895ea62 (webtiles) character file.

Game seed: 4244997655926622286

205 nothank2 the Cutter (level 5, -1/40 HPs)
             Began as a Demonspawn Gladiator on June 16, 2021.
             Slain by Duvessa
             ... wielding a +0 short sword
              (3 damage)
             ... on level 4 of the Dungeon.
             The game lasted 00:05:40 (3149 turns).

nothank2 the Cutter (Demonspawn Gladiator)          Turns: 3149, Time: 00:05:40

Health: -1/40      AC:  8    Str: 15    XL:     5   Next: 52%
Magic:  5/5        EV: 12    Int: 16    God:
Gold:   52         SH:  0    Dex: 14    Spells: 4/4 levels left

rFire    . . .     SeeInvis .   a - +0 rapier
rCold    . . .     Faith    .   (no shield)
rNeg     . . .     Spirit   .   e - +0 leather armour (curse)
rPois    .         Reflect  .   c - +1 helmet
rElec    .         Harm     .   (no cloak)
rCorr    .         Rampage  .   (no gloves)
Will     .....                  (no boots)
Stlth    +.........             (no amulet)
HPRegen  0.13/turn              g - +6 ring of intelligence
MPRegen  0.09/turn              (no ring)

@: no status effects
A: yellow scales 2
a: no special abilities


You were on level 4 of the Dungeon.
You visited 1 branch of the dungeon, and saw 4 of its levels.

You collected 52 gold pieces.

Inventory:

Hand Weapons
 a - a +0 rapier (weapon)
Missiles
 d - 3 throwing nets (quivered)
 n - 3 boomerangs
Armour
 b - a +0 leather armour
 c - a +1 helmet (worn)
 e - a cursed +0 leather armour (worn)
Jewellery
 g - a +6 ring of intelligence (left hand)
Scrolls
 h - 4 scrolls of identify
 k - a scroll of teleportation
Potions
 l - 2 potions of resistance


   Skills:
 + Level 2.9 Fighting
 + Level 4.8 Short Blades
 - Level 1.7 Throwing
 + Level 2.0 Armour
 - Level 2.6 Dodging


You had 4 spell levels left.
You didn't know any spells.
Your spell library was empty.

Dungeon Overview and Level Annotations

Branches:
Dungeon (4/15)
 Temple: D:4-7

Altars:
Elyvilon
Gozag
Okawaru
Ru

Annotations:
D:4 Dowan, Duvessa


Innate Abilities, Weirdness & Mutations

You are mostly covered in yellow scales. (AC +3)


Message History

* * * LOW HITPOINT WARNING * * *
You closely miss Duvessa.
Duvessa is heavily wounded.
Duvessa barely misses you. Duvessa hits you but does no damage.
You hit Duvessa but do no damage.
Duvessa is heavily wounded.
Duvessa hits you with a +0 short sword!
* * * LOW HITPOINT WARNING * * *
Duvessa hits you with a +0 short sword.
* * * LOW HITPOINT WARNING * * *
Duvessa hits you but does no damage. Duvessa hits you but does no damage.
Duvessa closely misses you. Duvessa hits you but does no damage.
Duvessa hits you with a +0 short sword.
* * * LOW HITPOINT WARNING * * *
Duvessa gestures with her weapon.
Duvessa says, "When magic and the sword combine, nothing stands against them."
Duvessa hits you with a +0 short sword.
You die...

..... >...
...# ..+ ..#
#.#
#########.#
#.e@.|.<#e#
#.#######.#
##e#######.#
#...e......#
############


You could see Duvessa (fast).

Vanquished Creatures
  An orc wizard (D:3)
  2 adders
  7 gnolls (D:3)
  2 oozes
  An adder zombie (D:2)
  3 adder skeletons (D:2)
  A worm (D:3)
  A dart slug (D:2)
  A leopard gecko (D:3)
  7 orcs (D:3)
  A bat skeleton (D:2)
  A giant cockroach (D:2)
  6 goblins
  2 hobgoblins
  7 jackals (D:1)
  4 kobolds
  2 bats (D:1)
  3 frilled lizards
  A giant cockroach zombie (D:2)
  9 rats
62 creatures vanquished.

Vanquished Creatures (others)
  A plant (D:3)
1 creature vanquished.

Grand Total: 63 creatures vanquished

Notes
Turn   | Place    | Note
-------+----------+-------------------------------------------
     0 | D:1      | nothank2 the Demonspawn Gladiator began the quest for the
                  | Orb.
     0 | D:1      | Reached XP level 1. HP: 16/16 MP: 1/1
   136 | D:1      | Reached skill level 3 in Short Blades
   216 | D:1      | Gained mutation: You are partially covered in yellow
                  | scales. (AC +2) [demonic ancestry]
   216 | D:1      | Reached XP level 2. HP: 22/22 MP: 2/2
   680 | D:1      | Reached XP level 3. HP: 24/27 MP: 3/3
   914 | D:2      | Found a white marble altar of Elyvilon.
  1100 | D:2      | Found a sacrificial altar of Ru.
  1160 | D:2      | Reached skill level 1 in Armour
  1708 | D:3      | Found an iron altar of Okawaru.
  1716 | D:3      | Reached skill level 4 in Short Blades
  1739 | D:3      | Reached XP level 4. HP: 32/34 MP: 4/4
  2189 | D:3      | Found an opulent altar of Gozag.
  2436 | D:3      | Gained mutation: You are mostly covered in yellow scales.
                  | (AC +3) [demonic ancestry]
  2436 | D:3      | Reached XP level 5. HP: 25/39 MP: 5/5
  3122 | D:4      | Noticed Dowan
  3123 | D:4      | Noticed Duvessa
  3137 | D:4      | HP: 2/40 [Duvessa/+0 short sword (2)]
  3147 | D:4      | HP: 2/40 [Duvessa/+0 short sword (1)]
  3149 | D:4      | Slain by Duvessa

Illustrated notes

Levels and vault maps discovered:
D:1:      shiori_shiawase, layout_basic
D:2:      layout_loops_ring, general_overflow_altar, elyvilon_altar_1,
          serial_undead, serial_undead_c, serial_undead_f, serial_undead_e,
          serial_undead_c
D:3:      layout_basic, nicolae_overflow_crystal_walls, lemuel_crystal_altar,
          serial_bayou_pond_d
D:4:      layout_basic, serial_shops, kennysheep_little_box, uniq_edmund,
          uniq_duvessa

Skill      XL: |  1  2  3  4  5 |
---------------+----------------+-----
Short Blades   | 3 4 |  4.8
Armour         | 1 2 |  2.0
Fighting       | |  2.9
Throwing       | |  1.7
Dodging        | |  2.6

Action                   |  1- 3 |  4- 6 || total
-------------------------+-------+-------++-------
Melee: Rapier            |   126 |   112 ||   238
  Use: Scroll            |       |     6 ||     6
 Stab: Sleeping          |     1 |       ||     1
Armor: Leather armour    |    50 |    25 ||    75
       Skin              |     1 |       ||     1
Dodge: Dodged            |   102 |    54 ||   156
